AoeStats
← baresflorian1990

MegaRandom

510614009Analyzed
4v4 RM · 2d ago on Oct 1, 2026· 55m 5s· 8 players
Game mode
Random Map
Map size
Large (8 player)
Population
200
Speed
Normal
Resources
Standard
Victory
Conquest
Starting age
Dark Age
Ending age
Imperial Age
RankedLock teamsTeams togetherTeam positionsShared explorationLock speedFull tech treeHidden civsTurbo modeCheats
Victory
Defeat
🇩🇪 Magyars · Germany
1292
+10
🇩🇪 Spanish · Germany
1209
+13
🇩🇪 Mongols · Germany
1158
+15
🇩🇪 Persians · Germany
1049
+19
🇨🇱 Armenians · Chile
1163
-15
🇦🇷 Aztecs · Argentina
1150
-15
🇨🇱 Maya · Chile
1135
-14
🇦🇷 Berbers · Argentina
1114
-13
Thanos_Car
3:56 Loom
11:35 Feudal Age
12:38 Town Watch
16:46 Castle Age
14:45 Double-Bit Axe
14:56 Horse Collar
17:10 Wheelbarrow
19:18 Bow Saw
20:50 Crossbowman
21:58 Fletching
23:59 Pikeman
29:35 Hand Cart
36:09 Man-at-Arms
36:49 Bodkin Arrow
38:37 Padded Archer Armor
39:05 Thumb Ring
43:53 Imperial Age
41:33 Gold Mining
41:34 Stone Mining
43:49 Stone Shaft Mining
43:26 Forging
43:16 Scale Mail Armor
43:34 Leather Archer Armor
43:31 Squires
46:05 Arbalester
49:57 Chemistry
El loro
11:10 Feudal Age
10:57 Loom
17:06 Castle Age
15:49 Forging
17:37 Scale Mail Armor
18:13 Eagle Warrior
18:51 Gold Mining
20:47 Arson
22:48 Chain Mail Armor
26:50 Iron Casting
27:00 Squires
34:31 Wheelbarrow
33:52 Stone Mining
33:44 Horse Collar
33:53 Double-Bit Axe
40:02 Gold Shaft Mining
38:56 Elite Skirmisher
40:53 Heavy Plow
42:23 Bow Saw
45:53 Imperial Age
43:51 Fletching
44:01 Padded Archer Armor
46:41 Pikeman
48:09 Conscription
49:17 Blast Furnace
fat_dgk
9:57 Loom
12:13 Feudal Age
15:28 Double-Bit Axe
17:54 Castle Age
23:18 Fletching
26:10 Wheelbarrow
27:01 Bow Saw
28:12 Horse Collar
29:37 Bodkin Arrow
30:53 Ballistics
33:09 Imperial Age
30:57 Padded Archer Armor
32:16 Heavy Plow
33:22 Elite Skirmisher
34:03 Bracer
38:48 Pikeman
39:28 Squires
39:59 Scale Mail Armor
40:18 Halberdier
43:05 Chemistry
42:31 Caravan
45:30 Man-at-Arms
45:56 Gambesons
45:57 Arson
46:54 Capped Ram
48:11 Leather Archer Armor
48:23 Chain Mail Armor
48:18 Forging
48:37 Bloodlines
48:27 Husbandry
48:26 Siege Ram
51:55 Conscription
50:57 Long Swordsman
53:57 Ring Archer Armor
53:58 Plate Mail Armor
54:03 Iron Casting
53:31 Two-Handed Swordsman
53:41 Elite Genitour
54:08 Light Cavalry
54:55 Scale Barding Armor
Fat Bastard
8:37 Loom
11:18 Feudal Age
15:57 Castle Age
13:45 Double-Bit Axe
17:08 Bow Saw
17:35 Wheelbarrow
17:33 Horse Collar
19:16 Hand Cart
21:09 Loom
21:33 Heavy Plow
22:27 Fletching
24:16 Stone Mining
24:53 Town Watch
32:37 Imperial Age
30:55 Stone Shaft Mining
30:23 Gold Mining
31:24 Bodkin Arrow
31:30 Padded Archer Armor
33:37 Bracer
33:52 Leather Archer Armor
33:49 Bloodlines
33:40 Husbandry
33:53 Bloodlines
34:59 Ballistics
35:22 Conscription
37:54 Ring Archer Armor
36:47 Light Cavalry
37:21 Elite Camel Archer
38:32 Hussar
39:24 Forging
39:19 Scale Barding Armor
39:42 Maghrebi Camels
42:07 Chemistry
41:13 Siege Engineers
42:11 Chain Barding Armor
42:28 Iron Casting
45:29 Blast Furnace
45:04 Plate Barding Armor
44:34 Caravan
Mescal
6:17 Loom
9:25 Feudal Age
9:57 Double-Bit Axe
16:58 Town Watch
19:45 Castle Age
17:50 Horse Collar
22:20 Fletching
22:36 Scale Barding Armor
23:45 Husbandry
27:27 Chain Barding Armor
34:13 Bloodlines
35:10 Wheelbarrow
40:29 Imperial Age
38:03 Gold Mining
38:04 Stone Mining
38:27 Bow Saw
39:40 Hand Cart
40:34 Caravan
42:14 Plate Barding Armor
41:01 Cavalier
42:08 Conscription
49:23 Corvinian Army
49:21 Bodkin Arrow
49:50 Ballistics
49:41 Masonry
51:30 Murder Holes
51:16 Treadmill Crane
54:43 Bracer
baresflorian1990
6:58 Loom
12:32 Feudal Age
18:39 Castle Age
20:38 Horse Collar
30:42 Imperial Age
31:36 Onager
33:59 Double-Bit Axe
39:14 Gold Mining
40:11 Bow Saw
40:30 Padded Archer Armor
40:21 Fletching
40:45 Murder Holes
41:51 Chemistry
41:11 Ballistics
41:35 Wheelbarrow
42:21 Leather Archer Armor
42:02 Bodkin Arrow
42:17 Forging
42:48 Caravan
42:35 Elite Skirmisher
43:50 Ring Archer Armor
44:17 Hand Cart
46:30 Two-Man Saw
45:18 Pikeman
45:59 Squires
45:44 Arson
46:15 Halberdier
47:08 Bracer
47:43 Iron Casting
47:09 Scale Mail Armor
53:00 Heavy Plow
52:45 Capped Ram
54:05 Siege Ram
strongfire2002
10:25 Feudal Age
14:12 Double-Bit Axe
16:42 Castle Age
15:10 Gold Mining
16:22 Loom
16:34 Horse Collar
18:36 Bow Saw
18:25 Stone Mining
20:27 Heavy Plow
25:10 Fletching
25:21 Padded Archer Armor
28:28 Bodkin Arrow
30:55 Wheelbarrow
31:39 Leather Archer Armor
33:06 Town Watch
35:22 Ballistics
36:40 Gold Shaft Mining
41:32 Imperial Age
39:17 Hand Cart
41:11 Stone Shaft Mining
42:03 Elite Mangudai
44:16 Chemistry
43:18 Bracer
43:30 Bloodlines
43:21 Husbandry
43:27 Thumb Ring
43:48 Parthian Tactics
44:31 Conscription
43:36 Light Cavalry
44:18 Murder Holes
44:38 Masonry
46:27 Hoardings
53:44 Forging
53:40 Scale Barding Armor
53:06 Hussar
DaMajor
7:46 Loom
10:15 Feudal Age
12:40 Wheelbarrow
16:27 Castle Age
16:29 Double-Bit Axe
16:36 Horse Collar
17:50 Heavy Plow
18:57 Scale Barding Armor
19:46 Bloodlines
20:42 Forging
24:52 Bow Saw
27:16 Chain Barding Armor
30:32 Husbandry
33:16 Iron Casting
33:51 Gold Mining
33:53 Stone Mining
36:37 Hand Cart
36:07 Town Watch
39:32 Imperial Age
40:34 Gold Shaft Mining
39:31 Light Cavalry
41:18 Two-Man Saw
40:50 Crop Rotation
40:34 Hussar
41:49 Scale Mail Armor
42:27 Plate Barding Armor
43:39 Blast Furnace
43:31 Elite Skirmisher
44:17 Thumb Ring
44:30 Fletching
45:13 Ballistics
45:54 Chemistry
46:14 Pikeman
46:54 Squires
46:39 Arson
46:56 Halberdier
48:56 Bodkin Arrow
49:02 Padded Archer Armor
51:33 Conscription
52:03 Cavalier
53:53 Leather Archer Armor
53:41 Scale Mail Armor
53:58 Masonry
53:55 Murder Holes
54:09 Savar
Connection lost

Rejoining the realm…

Still unreachable

The connection could not be restored.

Session expired

The server has moved on; the page needs a fresh start.